 Dungeon Crawl Stone Soup version 0.27.1-2-g3b301248ec (webtiles) character file.

Game seed: 2069123430524965232

4410 MajorAdolf the Fighter (level 10, 0/95 (98) HPs)
             Began as a Naga Wanderer on Oct 1, 2021.
             Was an Initiate of Gozag.
             Slain by a killer bee (3 damage)
             ... on level 8 of the Dungeon.
             The game lasted 00:15:24 (10147 turns).

MajorAdolf the Fighter (Naga Wanderer)             Turns: 10147, Time: 00:15:26

HP:   0/95 (98)     AC: 14    Str: 16    XL:     10   Next: 36%
MP:   13/13         EV:  3    Int: 15    God:    Gozag
Gold: 173           SH:  0    Dex: 10    Spells: 13/13 levels left

rFire    . . .     SeeInvis +   j - +0 hand axe (elec)
rCold    . . .     Faith    .   (no shield)
rNeg     . . .     Spirit   .   e - +0 plate armour
rPois    +         Reflect  .   E - +0 helmet "Pegiaf" {+Blink}
rElec    .         Harm     .   (no cloak)
rCorr    .         Rampage  .   q - +0 pair of gloves
Will     +....                  (no barding)
Stlth    ..........             m - amulet of regeneration
HPRegen  1.25/turn              (no ring)
MPRegen  0.13/turn              (no ring)

@: lethally poisoned (0 -> -10), studying Polearms, lightly drained, very slow
A: AC +3, large, see invisible, deformed body, poison resistance, slowness 2,
spit poison 1, naga tail 1
a: Spit Poison, Renounce Religion, Evoke Blink, Potion Petition, Call Merchant,
Bribe Branch


You were on level 8 of the Dungeon.
You worshipped Gozag.
Gozag was aware of your devotion.
You visited 2 branches of the dungeon, and saw 9 of its levels.
You also visited: Sewer and Ossuary.

You collected 523 gold pieces.
You spent 237 gold pieces at shops.
You paid 113 gold pieces to Gozag.

Inventory:

Hand Weapons
 j - a +0 hand axe of electrocution (weapon)
 y - a +0 dagger of venom
 A - the +5 demon blade "Bazuymam" {venom, rC+ SInv}
   (You found it on level 6 of the Dungeon)

   It poisons the flesh of those it strikes.
   rC:        It protects you from cold.
   SInv:      It lets you see invisible.
Armour
 e - a +0 plate armour (worn)
 q - a +0 pair of gloves (worn)
 u - a +0 helmet
 E - the +0 helmet "Pegiaf" (worn) {+Blink}
   (You bought it in a shop on level 4 of the Dungeon)

   +Blink:    It lets you blink.
Jewellery
 m - an amulet of regeneration (around neck)
 n - an amulet of reflection
 r - an amulet of magic regeneration
 s - a ring of protection from fire
Wands
 F - a wand of flame (13)
Scrolls
 b - 5 scrolls of noise
 d - 3 scrolls of vulnerability
 g - a scroll of fear
 k - 2 scrolls of amnesia
 o - 2 scrolls of enchant armour
 p - 2 scrolls of immolation
 t - a scroll of enchant weapon {unknown}
 v - 2 scrolls of magic mapping
 z - 2 scrolls of fog {unknown}
 B - a scroll of identify
 C - a scroll of silence {unknown}
 D - a scroll of brand weapon {unknown}
Potions
 a - 3 potions of might {unknown}
 c - 2 potions of lignification
 f - 2 potions of degeneration {unknown}
 h - a potion of mutation {unknown}
 i - 6 potions of curing
 l - a potion of heal wounds {unknown}
 w - 3 potions of brilliance {unknown}
 x - 3 potions of berserk rage {unknown}


   Skills:
 + Level 8.4 Fighting
 + Level 8.3 Axes
 + Level 7.2 Armour
 - Level 3.0 Stealth
 - Level 2.0 Spellcasting
 - Level 1.0 Conjurations
 - Level 1.0 Earth Magic
 - Level 5.3 Poison Magic
 + Level 1.0 Evocations


You had 13 spell levels left.
You didn't know any spells.
Your spell library contained the following spells:

 Spells                   Type           Power      Damage    Failure   Level
 Sting                    Tmut/Pois      36%        1d4       97%         1
 Poisonous Vapours        Pois/Air       18%        N/A       99%         2
 Beastly Appendage        Tmut           2%         N/A       100%        1
 Shock                    Conj/Air       12%        1d3       100%        1
 Wereblood                Tmut           1%         N/A       100%        2
 Dazzling Flash           Conj/Hex       6%         N/A       100%        3
 Mephitic Cloud           Conj/Pois/Air  7%         N/A       100%        3
 Spider Form              Tmut/Pois      4%         N/A       100%        3
 Olgreb's Toxic Radiance  Pois           17%        N/A       100%        4


Dungeon Overview and Level Annotations

Branches:
Dungeon (8/15)             Temple (1/1) D:7           Sewer (visited)
Ossuary (visited)
   Lair: D:8-11

Altars:
Ashenzari
Cheibriados
Dithmenos
Elyvilon
Fedhas
Gozag
Hepliaklqana
Kikubaaqudgha
Makhleb
Nemelex Xobeh
Okawaru
Qazlal
Ru
Sif Muna
Uskayaw
Vehumet
Wu Jian
Xom
Yredelemnul
Zin
The Shining One

Shops:
D:1 *   D:4 *

Annotations:
D:2 1 runed translucent door, Crazy Yiuf


Innate Abilities, Weirdness & Mutations

Your serpentine skin is tough. (AC +3)
You have supernaturally acute eyesight. (SInv)
Armour fits poorly on your strangely shaped body.
Your system is resistant to poisons. (rPois)
You cover ground very slowly.
You can spit poison.
You have a snake-like lower body.


Message History

The killer bee stings you.
You are more poisoned.
The killer bee poisons you!
You feel extremely sick.
The killer bee stings you but does no damage. x2
The killer bee stings you. x2
The killer bee stings you but does no damage.
You feel very sick. The killer bee stings you!
The killer bee stings you but does no damage. x2
The killer bee stings you.
You are more poisoned.
The killer bee poisons you!
The killer bee stings you but does no damage.
The killer bee stings you.
You feel very sick. The killer bee stings you.
* * * LOW HITPOINT WARNING * * *
The killer bee stings you.
* * * LOW HITPOINT WARNING * * *
You are more poisoned.
The killer bee poisons you!
The killer bee stings you but does no damage.
The killer bee barely misses you.
The killer bee stings you but does no damage.
The killer bee stings you!
* * * LOW HITPOINT WARNING * * *
You are lethally poisoned!
The killer bee poisons you!
There is a stone staircase leading down, spattered with blood here.
Things that are here:
a +0 flail; a +0 whip; a +0 leather armour
* * * LOW HITPOINT WARNING * * *
You feel very sick. The killer bee stings you.
* * * LOW HITPOINT WARNING * * *
The killer bee stings you but does no damage. x3
The killer bee stings you.
You die...
Your body crumbles into a pile of gold.

..#.#..>.......# #.#....#.#
..#.#..........# #[#.#..#.#
..#.#..........## #.#.#..#.#
..#.#...........# #.#.####.#
..#......####+#.###.#......#
..#'##.### #.#.....###########
.....#.# #.....###.........#
.....#.# #..(..# #.####.####
.....#.# #...@.# #.# #.#
.....#.# #..yyy# #.####.#
.....#+## #...K.# #...##.#
.#......# #.....#####.##.#
.#......+ +.....'.....##.#
.#...5.5# #.....#........###
.##...5K#####4....#.###......#
......K4K...K.........#.####.#
.#...K55###########.#.#.#<...#


You could see a rust devil (summoned), 2 kobold demonologists and 3 killer bees.

Vanquished Creatures
  A kobold demonologist (D:6)
  An unseen horror (D:5)
  Sigmund (D:6)
  3 water moccasins
  2 orc warriors
  5 necrophages
  3 ice beasts (D:6)
  An ogre (D:6)
  2 phantoms
  An elf zombie (Ossuary)
  3 bullfrogs
  3 scorpions
  3 killer bees (D:8)
  4 howler monkeys
  2 jellies
  10 wights
  3 bullfrog zombies
  4 centaur zombies
  A bullfrog skeleton (D:6)
  2 orc priests
  A centaur skeleton (D:5)
  Jessica (D:2)
  4 iguanas
  6 orc wizards
  A hound zombie (D:5)
  A hound skeleton (D:4)
  3 mummies
  8 adders
  A river rat (D:4)
  A shadow imp (D:7)
  A worm (D:1)
  3 dart slugs
  39 orcs
  24 ball pythons
  6 bats
  13 endoplasms
  12 giant cockroaches
  6 goblins
  3 hobgoblins
  A jackal (D:4)
  10 quokkas (Sewer)
  14 frilled lizards
  A goblin zombie (Ossuary)
  15 hobgoblin zombies
  2 jackal zombies (Ossuary)
  6 kobolds
  11 kobold zombies (Ossuary)
  6 orc zombies
  3 rats
258 creatures vanquished.

Vanquished Creatures (others)
  A sky beast (D:6)
  An orc wizard (D:7)
  4 fungi (D:6)
6 creatures vanquished.

Grand Total: 264 creatures vanquished

Notes
Turn   | Place    | Note
-------+----------+-------------------------------------------
     0 | D:1      | MajorAdolf the Naga Wanderer began the quest for the Orb.
     0 | D:1      | MajorAdolf set off with the following items: a +0 club, a
                  | +0 robe, a potion of lignification, a +0 dagger; and the
                  | following spells available to memorise: Sting, Poisonous
                  | Vapours, Shock, Olgreb's Toxic Radiance, Mephitic Cloud,
                  | Dazzling Flash
     0 | D:1      | Reached XP level 1. HP: 15/15 MP: 3/3
    18 | D:1      | Found Ledohoudy's General Store.
   773 | D:1      | Reached XP level 2. HP: 20/24 MP: 5/5
   847 | D:1      | Reached skill level 1 in Armour
   932 | D:1      | Reached skill level 1 in Fighting
  1728 | D:1      | Reached XP level 3. HP: 10/31 MP: 6/6
  2608 | D:2      | Noticed Jessica
  2611 | D:2      | Killed Jessica
  2612 | D:2      | Reached XP level 4. HP: 39/39 MP: 7/7
  2692 | D:2      | Found a faded altar of an unknown god.
  2762 | D:2      | Reached skill level 1 in Axes
  2929 | D:2      | Found a runed translucent door.
  2930 | D:2      | Noticed Crazy Yiuf
  3789 | D:3      | Reached XP level 5. HP: 37/45 MP: 8/8
  3994 | D:3      | Found a radiant altar of Vehumet.
  4356 | D:4      | Found a glowing drain.
  4375 | Sewer    | Entered a sewer
  4502 | Sewer    | Reached XP level 6. HP: 48/56 MP: 9/9
  4839 | D:4      | Noticed a necrophage
  4851 | D:4      | Killed a necrophage
  4852 | D:4      | Reached XP level 7. HP: 53/63 MP: 10/10
  5798 | D:4      | Found Gyrreomo's Assorted Antiques.
  6017 | D:5      | Entered Level 5 of the Dungeon
  6157 | D:5      | Noticed an unseen horror
  6333 | D:5      | Killed an unseen horror
  6334 | D:5      | Reached skill level 5 in Fighting
  6334 | D:5      | Reached skill level 5 in Axes
  6334 | D:5      | Reached XP level 8. HP: 45/74 MP: 11/11
  6585 | D:5      | Reached skill level 5 in Armour
  6883 | D:6      | Found a sand-covered staircase.
  6893 | Ossuary  | Entered an ossuary
  7192 | Ossuary  | Reached XP level 9. HP: 82/82 MP: 12/12
  7331 | D:6      | Found a shimmering blue altar of Sif Muna.
  7452 | D:6      | Found a shadowy altar of Dithmenos.
  7742 | D:6      | Found a hazy altar of Hepliaklqana.
  7994 | D:6      | Noticed a kobold demonologist
  8006 | D:6      | Killed a kobold demonologist
  8089 | D:6      | Noticed Sigmund
  8118 | D:6      | Killed Sigmund
  8199 | D:6      | Identified the +5 demon blade "Bazuymam" {venom, rC+ SInv}
  8371 | D:6      | Reached XP level 10. HP: 95/96 MP: 13/13
  8593 | D:7      | Found a blossoming altar of Fedhas.
  8768 | D:7      | Found a staircase to the Ecumenical Temple.
  8823 | Temple   | Entered the Ecumenical Temple
  8946 | Temple   | Became a worshipper of Gozag Ym Sagoz the Greedy
  9061 | D:7      | Found a glowing golden altar of the Shining One.
  9812 | D:4      | Bought a shimmering helmet for 237 gold pieces
  9812 | D:4      | Identified the +0 helmet "Pegiaf" {+Blink} (You bought it
                  | in a shop on level 4 of the Dungeon)
 10128 | D:8      | Reached skill level 1 in Evocations
 10128 | D:8      | Noticed a kobold demonologist
 10129 | D:8      | Noticed a kobold demonologist
 10137 | D:8      | Noticed a rust devil
 10147 | D:8      | HP: 3/95 [killer bee (5)]
 10147 | D:8      | Slain by a killer bee

Illustrated notes

Levels and vault maps discovered:
D:1:      lightli_arrival_boilingwater, layout_basic, serial_shops,
          nicolae_shop_waterfront, minmay_ruptured
D:2:      layout_loops_ring, shapermc_ecumenical_altar_venn,
          minmay_misc_feat_rugged, uniq_crazy_yiuf_cottage, uniq_jessica
D:3:      layout_loops_cross, vehumet_crystals, kennysheep_generic_room_10
D:4:      layout_layer_cave, serial_shops, nicolae_shop_behind_doors,
          portal_sewer_entry_b, amcnicky_mini_pool_small, roderic_lattice_a,
          minmay_manual_mail
D:5:      layout_basic
D:6:      minmay_octagon_keep, layout_gridville, mainiacjoe_overflow_chevrons,
          mainiacjoe_overflow_cross_hatched, grunt_dithmenos_smoke,
          nicolae_ossuary_entry_giza, uniq_sigmund
D:7:      layout_loops_corners, mainiacjoe_overflow_concentric_impassable,
          fedhas_ov_isle_minmay, minmay_temple_entry_trees
D:8:      layout_basic
Temple:   regret_index_temple_waves

Skill      XL: |  1  2  3  4  5  6  7  8  9 10 |
---------------+-------------------------------+-----
Armour         | 1 2 3 4 5 6 7 |  7.2
Fighting       | 1 2 3 5 6 7 8 |  8.4
Axes           | 1 2 3 5 6 7 8 |  8.3
Evocations     | 1 |  1.0
Stealth        | |  3.0
Spellcasting   | |  2.0
Conjurations   | |  1.0
Earth Magic    | |  1.0
Poison Magic   | |  5.3

Action                   |  1- 3 |  4- 6 |  7- 9 | 10-12 || total
-------------------------+-------+-------+-------+-------++-------
Melee: Dagger            |   121 |       |       |       ||   121
       Club              |     7 |       |       |       ||     7
       Hand axe          |     2 |   295 |   375 |   146 ||   818
 Abil: Spit Poison       |    14 |    10 |     9 |     1 ||    34
  Use: Scroll            |       |     6 |     4 |       ||    10
       Potion            |       |       |     2 |       ||     2
Armor: Plate armour      |   114 |   285 |   332 |   112 ||   843
       Skin              |       |       |    32 |       ||    32
Dodge: Dodged            |     8 |    48 |    46 |    38 ||   140
